 Dungeon Crawl Stone Soup version 0.22.1-1-ga44c0e5 (webtiles) character file.

1327 Larett the Cleaver (level 8, -3/64 HPs)
             Began as a Minotaur Berserker on Nov 10, 2018.
             Was a Priest of Trog.
             Slain by a skeletal warrior
             ... wielding a +0 glaive
              (12 damage)
             ... on level 6 of the Dungeon.
             The game lasted 00:11:55 (4525 turns).

Larett the Cleaver (Minotaur Berserker)             Turns: 4525, Time: 00:11:55

Health: -3/64      AC: 13    Str: 22    XL:     8   Next: 34%
Magic:  7/7        EV: 10    Int:  4    God:    Trog [***...]
Gold:   297        SH:  0    Dex: 10    Spells: 7/7 levels left

rFire    + . .     SeeInvis .   q - +3 whip (distort) {!w}
rCold    . . .     Gourm    .   (no shield)
rNeg     . . .     Faith    .   S - +0 chain mail {rF+}
rPois    .         Spirit   .   (helmet restricted)
rElec    .         Reflect  .   (no cloak)
rCorr    .         Harm     .   n - +1 pair of gloves
MR       .....                  X - +1 pair of boots
Stlth    ..........             (no amulet)
HPRegen  0.20/turn              l - -2 ring of dexterity (curse)
MPRegen  0.10/turn              v - ring of attention (curse)

@: no status effects
A: retaliatory headbutt, horns 2, talons 1, repulsion field 1
a: Berserk, Trog's Hand, Renounce Religion


You were on level 6 of the Dungeon.
You worshipped Trog.
Trog was most pleased with you.
You were not hungry.

You visited 1 branch of the dungeon, and saw 6 of its levels.

You collected 297 gold pieces.

Inventory:

Hand Weapons
 a - a +0 hand axe
 b - a +0 hunting sling
 q - a +3 whip of distortion (weapon) {!w}
 N - a +0 trident of protection
 Y - a +2 short sword of speed
 Z - a cursed -1 whip
Missiles
 g - 77 stones (quivered)
 r - 44 bolts
 t - 6 curare-tipped needles
 U - 72 arrows
Armour
 n - a +1 pair of gloves (worn)
 S - a +0 chain mail of fire resistance (worn)
 X - a +1 pair of boots (worn)
Jewellery
 l - a cursed -2 ring of dexterity (left hand)
 v - a cursed ring of attention (right hand)
 V - an uncursed ring of fire {unknown}
Wands
 K - a wand of polymorph (11)
 O - a wand of clouds (4)
Scrolls
 M - a scroll of magic mapping {!r}
 R - a scroll of identify
 T - 2 scrolls of teleportation
Potions
 L - a potion of berserk rage
 P - a potion of invisibility
 Q - 2 potions of curing
Comestibles
 c - 14 rations


   Skills:
 - Level 3.6 Fighting
 + Level 12.3 Axes
 - Level 2.4 Armour
 - Level 2.1 Dodging


You had 7 spell levels left.
You didn't know any spells.
Your spell library was empty.

Dungeon Overview and Level Annotations

Branches:
Dungeon (6/15)
 Temple: D:4-7

Altars:
Cheibriados
Dithmenos
Gozag
Xom


Innate Abilities, Weirdness & Mutations

You reflexively headbutt those who attack you in melee.
You have a pair of horns on your head.
You have sharp toenails.
You are surrounded by a mild repulsion field. (EV +2)


Message History

Space warps horribly around the skeletal warrior!
The skeletal warrior is heavily damaged.
Your chain mail prevents you from hitting the skeletal warrior.
The skeletal warrior is heavily damaged.
The skeletal warrior hits you with a glaive!
You whack the skeletal warrior!
The skeletal warrior looks slightly unstable.
The skeletal warrior is severely damaged.
You hit the skeletal warrior.
The skeletal warrior seems more stable.
The skeletal warrior is severely damaged.
The skeletal warrior hits you with a glaive!
* * * LOW HITPOINT WARNING * * *
You hit the skeletal warrior but do no damage.
Space warps horribly around the skeletal warrior!
You headbutt the skeletal warrior.
The skeletal warrior is almost destroyed.
You closely miss the skeletal warrior.
The skeletal warrior is almost destroyed.
The skeletal warrior hits you with a glaive!
You die...

#.####.#.....##8...8 #.. #.#
#.#####.# ##8## #.. #.# #.#
#.#############.# #.# #.#
#........#.#.#... #.#
#.##########...#.#.#.## #.#
#.........##........... #.#
#########.##..##.#.#.## #.#
#..<#...##.>.........
#.######...@z.........#.#.#.
#........#.......######.#.#'
########'##........#..z.z...
#..........#.#.#.##.#...
#..........+........#...
#..........#...#.####...
#..........'...#.# #...
#..........###.#.# ####
#..........# #.#.# #


You could see a skeletal warrior.

Vanquished Creatures
  A hippogriff (D:6)
  A sky beast (D:5)
  A phantom (D:4)
  A centaur (D:5)
  A bullfrog (D:6)
  A scorpion (D:5)
  2 crimson imps
  An orc wizard (D:4)
  3 orc priests
  2 hounds
  A jelly (D:5)
  A bullfrog skeleton (D:5)
  Ijyb (D:3)
  Terence (D:3)
  5 worker ants
  A hound zombie (D:5)
  2 worker ant zombies
  7 gnolls
  11 adders
  3 shadow imps
  2 adder skeletons
  A worm (D:4)
  3 dart slugs
  4 leopard geckos
  15 orcs
  2 giant cockroaches
  8 goblins
  6 hobgoblins
  7 jackals
  2 ball pythons
  5 bats
  6 frilled lizards
  4 kobolds
  A quokka zombie (D:5)
  6 rats
119 creatures vanquished.

Vanquished Creatures (others)
  A centaur (D:5)
  A hound (D:5)
  An iguana (D:5)
  A worker ant (D:5)
  A shadow imp (D:5)
5 creatures vanquished.

Grand Total: 124 creatures vanquished

Notes
Turn   | Place    | Note
-------+----------+-------------------------------------------
     0 | D:1      | Larett the Minotaur Berserker began the quest for the Orb.
     0 | D:1      | Reached XP level 1. HP: 19/19 MP: 0/0
    20 | D:1      | Reached skill level 4 in Axes
    74 | D:1      | Reached XP level 2. HP: 18/26 MP: 1/1
   669 | D:1      | Reached skill level 5 in Axes
   886 | D:2      | Reached XP level 3. HP: 31/31 MP: 2/2
   978 | D:2      | Reached ** piety under Trog
  1127 | D:2      | Reached skill level 6 in Axes
  1127 | D:2      | Reached XP level 4. HP: 25/39 MP: 3/3
  1708 | D:3      | Noticed Ijyb
  1708 | D:3      | Noticed Terence
  1713 | D:3      | Killed Terence
  1713 | D:3      | Reached skill level 7 in Axes
  1713 | D:3      | Reached XP level 5. HP: 45/45 MP: 4/4
  1717 | D:3      | Killed Ijyb
  1749 | D:3      | Gained mutation: You are surrounded by a mild repulsion
                  | field. (EV +2) [potion of mutation]
  1749 | D:3      | Gained mutation: You have sharp toenails. [potion of
                  | mutation]
  2315 | D:4      | Reached skill level 8 in Axes
  2371 | D:4      | Reached XP level 6. HP: 46/51 MP: 5/5
  2576 | D:4      | Reached *** piety under Trog
  2617 | D:4      | Reached skill level 9 in Axes
  2781 | D:4      | Reached XP level 7. HP: 48/57 MP: 6/6
  3029 | D:5      | Entered Level 5 of the Dungeon
  3108 | D:5      | Reached skill level 10 in Axes
  3283 | D:5      | Found a shimmering altar of Xom.
  3382 | D:5      | Reached skill level 11 in Axes
  3699 | D:6      | Reached XP level 8. HP: 55/64 MP: 7/7
  3750 | D:6      | Found a snail-covered altar of Cheibriados.
  3886 | D:6      | Reached **** piety under Trog
  3919 | D:6      | Found an opulent altar of Gozag.
  3979 | D:6      | Found a shadowy altar of Dithmenos.
  4095 | D:6      | Noticed a hippogriff
  4098 | D:6      | Noticed a skeletal warrior
  4132 | D:6      | Killed a hippogriff
  4132 | D:6      | Reached skill level 12 in Axes
  4197 | D:6      | HP: 3/64 [skeletal warrior/glaive (10)]
  4208 | D:6      | HP: 2/64 [skeletal warrior/glaive (3)]
  4523 | D:6      | HP: 9/64 [skeletal warrior/glaive (17)]
  4525 | D:6      | Slain by a skeletal warrior

Skill      XL: |  1  2  3  4  5  6  7  8 |
---------------+-------------------------+-----
Axes           | 4 5 6 7 8 9 11 12 | 12.3
Fighting       | |  3.6
Armour         | |  2.4
Dodging        | |  2.1

Action                   |  1- 3 |  4- 6 |  7- 9 || total
-------------------------+-------+-------+-------++-------
Melee: Hand axe          |   126 |   137 |   153 ||   416
       Headbutt          |    10 |    16 |    31 ||    57
       Short sword       |       |    11 |       ||    11
       Whip              |       |       |     8 ||     8
 Fire: Hunting sling     |     2 |    18 |       ||    20
Invok: Trog's Hand       |       |     1 |     2 ||     3
       Berserk           |       |     1 |     1 ||     2
Evoke: Wand              |       |       |     1 ||     1
  Use: Scroll            |     5 |     2 |     4 ||    11
       Potion            |       |     1 |       ||     1
  Eat: Chunk             |       |     7 |     8 ||    15
Armor: Animal skin       |    12 |       |       ||    12
       Ring mail         |    40 |    16 |       ||    56
       Chain mail        |       |    55 |    79 ||   134
Dodge: Dodged            |    72 |    65 |    69 ||   206
